 Dungeon Crawl Stone Soup version 0.30-a0-989-g0d87f670db (webtiles) character file.

Game seed: 13955459029326456295

2260 jimonade the Thaumaturge (level 9, -7/67 HPs)
             Began as a Mummy Necromancer on Apr 4, 2023.
             Was an Initiate of Ru.
             Mangled by a centaur
             ... wielding the +7 trident "Koperut" {heavy, MP+9}
              (17 damage)
             ... on level 7 of the Dungeon.
             The game lasted 00:25:40 (6375 turns).

jimonade the Thaumaturge (Mummy Necromancer)        Turns: 6375, Time: 00:25:41

Health: -7/67      AC:  4    Str: 11    XL:     9   Next: 15%
Magic:  19/23      EV: 17    Int: 19    God:    Ru [......]
Gold:   370        SH:  0    Dex: 12    Spells: 20/28 levels left

rFire   x . .      SeeInvis .    a - +1 dagger (venom)
rCold   + . .      Faith    +    (no shield)
rNeg    + + +      Spirit   .    u - +0 robe
rPois   ∞          Reflect  .    v - +0 helmet
rElec   .          Rampage  .    (no cloak)
rCorr   .                        (no gloves)
Will    +....                    h - +0 pair of boots
Stlth   ++                       s - amulet of regeneration
HPRegen 1.11/turn                z - +5 ring of evasion
MPRegen 0.18/turn                (no ring)

@: animating dead
A: cold resistance 1, negative energy resistance 3, torment resistance 2, heat
vulnerability 1, in touch with death 1, no potions, faith
a: Renounce Religion


You were on level 7 of the Dungeon.
You worshipped Ru.
Ru was noncommittal.
You visited 2 branches of the dungeon, and saw 8 of its levels.

You collected 370 gold pieces.

Inventory:

Hand Weapons
 a - a +1 dagger of venom (weapon)
 b - a +2 dagger of electrocution
 c - a +4 short sword
 d - a +0 trident
 q - a +0 quarterstaff
 w - a +0 sling
Missiles
 m - 84 stones
 n - 7 poisoned darts
 r - 3 boomerangs
Armour
 g - a +0 leather armour
 h - a +0 pair of boots (worn)
 o - a +0 ring mail
 t - a +0 chain mail
 u - a +0 robe (worn)
 v - a +0 helmet (worn)
Magical Staves
 k - a staff of conjuration
Jewellery
 s - an amulet of regeneration (around neck)
 z - a +5 ring of evasion (left hand)
Wands
 j - a wand of digging (9)
 y - a wand of charming (5)
Scrolls
 e - 2 scrolls of teleportation
 f - 3 scrolls of amnesia
 i - 2 scrolls of enchant weapon
 l - 3 scrolls of immolation
 p - 4 scrolls of identify
 x - a scroll of poison {unknown}


   Skills:
 + Level 4.9 Fighting
 - Level 0.1 Short Blades
 + Level 1.6 Dodging
 - Level 1.5 Stealth
 + Level 10.0 Spellcasting
 + Level 8.6 Necromancy


You had 20 spell levels left.
You knew the following spells:

 Your Spells              Type           Power      Damage    Failure   Level
a - Necrotise             Necr           100%       1d9       1%          1
b - Vampiric Draining     Necr           59%        2d10      1%          3
c - Animate Dead          Necr           59%        N/A       1%          4

Your spell library contained the following spells:

 Spells                   Type           Power      Damage    Failure   Level
 Agony                    Necr           59%        N/A       6%          5
 Apportation              Tloc           18%        N/A       8%          1
 Summon Small Mammal      Summ           36%        N/A       8%          1
 Death Channel            Necr           29%        N/A       32%         6
 Borgnjor's Vile Clutch   Necr/Erth      19%        N/A       34%         5
 Alistair's Intoxication  Tmut/Pois      6%         N/A       90%         5


Dungeon Overview and Level Annotations

Branches:
Dungeon (7/15)             Temple (1/1) D:4

Altars:
Ashenzari
Cheibriados
Fedhas
Gozag
Hepliaklqana
Makhleb
Nemelex Xobeh
Qazlal
Ru
Uskayaw
Vehumet
Wu Jian

Shops:
D:5 *

Annotations:
D:3 Grinder, Menkaure
D:4 exclusions: downstairs and upstairs


Innate Abilities, Weirdness & Mutations

You are immune to poison.
Your flesh is cold resistant. (rC+)
You are immune to negative energy. (rN+++)
You are immune to unholy pain and torment.
You are vulnerable to heat. (rF-)
You are in touch with the powers of death.
You do not drink.
You have a special connection with the divine. (Faith)


Message History

Found a quarterstaff.
The centaur unwields the +7 trident "Koperut" {heavy, MP+9}.
The centaur wields a +0 shortbow.
The centaur shoots an arrow.
The arrow misses you.
The centaur shoots an arrow.
The arrow barely misses you.
You hear a shout!
A steam dragon comes into view.
Found a ring mail.
The steam dragon hisses angrily.
The steam dragon breathes steam at you. The ball of steam hits you!!
The steam scalds you terribly!
The steam dragon moves out of view.
The centaur shoots an arrow.
The arrow hits your hornet zombie!
Your hornet zombie is engulfed in a cloud of scalding steam.
The centaur shoots an arrow.
The arrow hits your hornet zombie!
You see here a scorpion corpse.
Your hornet zombie hits the centaur but does no damage.
The centaur shoots an arrow.
The arrow closely misses you.
The centaur shoots an arrow.
The arrow hits you!
Your hornet zombie hits the centaur!
The steam dragon breathes steam at you.
The ball of steam hits your hornet zombie!
Your hornet zombie is destroyed!
The centaur shoots an arrow.
The arrow hits you.
There is an open door here.
The centaur shoots an arrow.
The arrow hits you!
The centaur shoots an arrow.
The arrow barely misses you.
The centaur unwields a +0 shortbow.
The centaur wields the +7 trident "Koperut" {heavy, MP+9}.
The centaur hits you with the +7 trident "Koperut" {heavy, MP+9}.
The centaur kicks you but does no damage.
Casting: Animate Dead (dangerous; 1% risk of failure)
Confirm with . or Enter, or press ? or * to list all spells.
You feel a surge of power!
You call upon the dead to rise.
The centaur hits you with the +7 trident "Koperut" {heavy, MP+9}!!
* * * LOW HITPOINT WARNING * * *
The centaur closely misses you.
You hit the centaur but do no damage.
The centaur is poisoned.
The centaur is severely wounded.
The centaur hits you with the +7 trident "Koperut" {heavy, MP+9}!
You die...

.. ##....#.## #.# .. ##...'.#
#.# ###' ####..#.########.####
#.... #.###.#.##..........#
#..(.D#§.####.##.####...#.#
'.).WW§...###.# .###.#.#..####
#..[§.#§§..##.##..............
#D... #.c†§.#.....##.#.#..####
###' ##...§#@..........#.# ..
##...c.###########.# ##
##..#.# ### #.# ##.#... ..#
#.# ###.### #.# #.# #.# #.##
#.# ### ..# #.. ... ..#
#.######### #.# ###
#..........


You could see a centaur (very poisoned).

Vanquished Creatures
  A hornet (D:7)
  2 yaks (D:5)
  A water moccasin (D:5)
  An ice beast (D:5)
  An ogre (D:5)
  2 black bears (D:6)
  2 centaurs (D:5)
  A phantom (D:5)
  3 scorpions
  2 bullfrogs
  2 hounds
  3 orc priests (D:5)
  Jessica (D:3)
  4 iguanas
  An orc wizard (D:4)
  Robin (D:3)
  3 gnolls
  4 adders
  2 worms
  3 dart slugs
  9 orcs
  10 bats
  5 endoplasms
  4 giant cockroaches
  23 goblins
  10 hobgoblins
  13 jackals
  9 quokkas
  4 ball pythons
  4 frilled lizards
  5 kobolds
  3 rats
139 creatures vanquished.

Vanquished Creatures (collateral kills)
  A water moccasin (D:6)
  An ice beast (D:6)
  A sleepcap (D:7)
  2 gnolls
  2 adders (D:5)
  A white imp (D:6)
  An ufetubus (D:6)
  A ball python (D:2)
  2 bats
  A goblin (D:3)
  A hobgoblin (D:1)
  A quokka (D:5)
  3 frilled lizards
  2 rats
20 creatures vanquished.

Vanquished Creatures (others)
  A hornet zombie (D:7)
  A water moccasin zombie (D:5)
  A centaur zombie (D:5)
  A black bear zombie (D:6)
  A scorpion zombie (D:5)
  An ice beast zombie (D:5)
  A hound zombie (D:5)
  2 orc zombies (D:5)
  A gnoll zombie (D:6)
  A jackal zombie (D:4)
  A plant (D:4)
12 creatures vanquished.

Grand Total: 171 creatures vanquished

Notes
Turn   | Place    | Note
-------+----------+-------------------------------------------
     0 | D:1      | jimonade the Mummy Necromancer began the quest for the Orb.
     0 | D:1      | Reached XP level 1. HP: 13/13 MP: 4/4
   325 | D:1      | Reached skill level 3 in Spellcasting
   325 | D:1      | Reached XP level 2. HP: 19/19 MP: 4/6
   741 | D:1      | Found a faded altar of an unknown god.
   806 | D:2      | Gained mutation: You are in touch with the powers of death.
                  | [Mummy growth]
   806 | D:2      | Reached XP level 3. HP: 17/25 MP: 8/8
  1261 | D:2      | Learned a level 3 spell: Vampiric Draining
  1328 | D:2      | Reached skill level 4 in Spellcasting
  1520 | D:2      | Reached XP level 4. HP: 28/31 MP: 7/10
  2239 | D:3      | Noticed Jessica
  2380 | D:3      | Killed Jessica
  2381 | D:3      | Reached skill level 5 in Necromancy
  2433 | D:3      | Reached skill level 5 in Spellcasting
  2433 | D:3      | Reached XP level 5. HP: 35/36 MP: 4/12
  2599 | D:3      | Noticed Robin
  2613 | D:3      | Killed Robin
  3115 | D:4      | Noticed Menkaure
  3259 | D:4      | Reached XP level 6. HP: 35/42 MP: 4/14
  3265 | D:4      | Learned a level 4 spell: Animate Dead
  3344 | D:3      | Identified a scroll of acquirement
  3369 | D:4      | Acquired a book of Unlife
  3515 | D:4      | Noticed Grinder
  3587 | D:4      | Paralysed by Grinder for 4 turns
  3602 | D:4      | Paralysed by Grinder for 3 turns
  3622 | D:4      | Paralysed by Grinder for 2 turns
  3635 | D:3      | Paralysed by Grinder for 3 turns
  3678 | D:4      | Reached skill level 6 in Spellcasting
  3734 | D:4      | Found a staircase to the Ecumenical Temple.
  3761 | Temple   | Entered the Ecumenical Temple
  3761 | Temple   | Found a transporter.
  3761 | Temple   | Found a transporter.
  3763 | Temple   | Found a transporter.
  3763 | Temple   | Found a transporter.
  3797 | Temple   | Became a worshipper of Ru the Awakened
  3978 | D:4      | Found an ornate altar of the Wu Jian Council.
  3979 | D:4      | Found a blossoming altar of Fedhas.
  3979 | D:4      | Found a broken altar of Ashenzari.
  4040 | D:5      | Entered Level 5 of the Dungeon
  4117 | D:5      | Found an opulent altar of Gozag.
  4117 | D:5      | Found Gozag's Platinum Reserve.
  4144 | D:5      | Reached skill level 1 in Fighting
  4389 | D:5      | Noticed a water moccasin
  4408 | D:5      | Killed a water moccasin
  4409 | D:5      | Reached skill level 7 in Spellcasting
  4409 | D:5      | Reached XP level 7. HP: 29/48 MP: 12/17
  4415 | D:5      | Noticed a yak
  4451 | D:5      | Killed a yak
  4571 | D:5      | Found a snail-covered altar of Cheibriados.
  4587 | D:5      | Reached skill level 8 in Spellcasting
  4688 | D:5      | Noticed a yak
  4735 | D:5      | Reached XP level 8. HP: 52/57 MP: 17/20
  5283 | D:6      | Reached skill level 9 in Spellcasting
  5404 | D:6      | Found a sparkling altar of Nemelex Xobeh.
  5857 | D:7      | Noticed a hornet
  5866 | D:7      | Killed a hornet
  5867 | D:7      | Reached XP level 9. HP: 29/66 MP: 18/22
  6360 | D:7      | Reached skill level 10 in Spellcasting
  6360 | D:7      | Identified the +7 trident "Koperut" {heavy, MP+9}
  6375 | D:7      | Mangled by a centaur

Illustrated notes

Levels and vault maps discovered:
D:1:      mrwooster_arrival_arrow, layout_rooms, shapermc_ecumenical_altar_petra
D:2:      layout_basic, serial_rivers, chequers_serial_rivers_micro_c,
          chequers_serial_rivers_room_a, chequers_serial_rivers_small_3,
          chequers_serial_rivers_micro_b, chequers_serial_rivers_small_b,
          minmay_liquid_box
D:3:      minmay_angry_zag, layout_rooms, uniq_robin, uniq_jessica
D:4:      layout_basic, chequers_temple_overflow_statue_of_worship,
          mainiacjoe_overflow_tiny_flanked, nicolae_overflow_hidden_temple,
          minmay_temple_entry_junction, hangedman_abyss_or_decor_lesser_grid,
          nrook_uturn, uniq_grinder, uniq_menkaure
D:5:      cheibrodos_fzero, layout_basic, nicolae_gozag_zags_fifth_avenue,
          mainiacjoe_overflow_brackets, minmay_ogre_servants
D:6:      layout_cave_pools, mainiacjoe_overflow_small_starburst
D:7:      layout_loops_ring, led_sif_book, doesnt_xom_only_xom,
          mainiacjoe_overflow_two_lobes, minmay_strange_pillars,
          minmay_quadrilaterals
Temple:   hellmonk_temple_divided_pantheon

Skill      XL: |  1  2  3  4  5  6  7  8  9 |
---------------+----------------------------+-----
Spellcasting   | 3 4 5 7 8 9 10 | 10.0
Necromancy     | 5 6 7 8 |  8.6
Fighting       | 1 2 4 |  4.9
Short Blades   | |  0.1
Dodging        | |  1.6
Stealth        | |  1.5

Action                     |  1- 3 |  4- 6 |  7- 9 || total
---------------------------+-------+-------+-------++-------
  Melee: Dagger            |    17 |   105 |   174 ||   296
         Unarmed           |     2 |       |       ||     2
         Whip              |     2 |       |       ||     2
         Punch             |       |     1 |     3 ||     4
  Throw: Stone             |     6 |       |       ||     6
   Cast: Necrotise         |    62 |    92 |     6 ||   160
         Animate Dead      |       |     3 |    12 ||    15
         Vampiric Draining |       |     1 |     1 ||     2
 Invoke: Reject Sacrifices |       |       |     1 ||     1
    Use: Scroll            |       |     7 |       ||     7
   Stab: Distracted        |       |       |     2 ||     2
         Sleeping          |       |       |     2 ||     2
 Armour: Robe              |     5 |    40 |    37 ||    82
  Dodge: Dodged            |    20 |   107 |    96 ||   223

Table legend: (Time is in decaauts)
 A = Elapsed time spent in this place.
 B = Non-inter-level travel time spent in this place.
 C = Inter-level travel time spent in this place.
 D = Time resting spent in this place.
 E = Time spent auto-exploring this place.
 F = Levels seen in this place.
 G = Mean time per level.
                   A        B        C        D        E       F      G
               +--------+--------+--------+--------+--------+-----+--------+
         Total |   6373 |   6007 |    366 |    648 |   2861 |   8 |  796.6 |
       Dungeon |   6316 |   5981 |    335 |    648 |   2853 |   7 |  902.3 |
        Temple |     56 |     25 |     31 |      0 |      8 |   1 |   56.0 |
               +--------+--------+--------+--------+--------+-----+--------+

Top non-repeatable levels by time:
     D:2: 1373 daAuts
     D:5: 1040 daAuts
     D:3: 980 daAuts
     D:4: 928 daAuts
     D:1: 798 daAuts
     D:6: 678 daAuts
     D:7: 517 daAuts
  Temple: 56 daAuts
